[Event "*** Titled Tuesday Blitz"]
[Site "Chess.com"]
[Date "2021.04.27"]
[Round "9"]
[White "aljado"]
[Black "Steegersee"]
[Result "0-1"]
[WhiteElo "2029"]
[BlackElo "2190"]
[TimeControl "180+1"]
[EndTime "11:44:30 PDT"]
[Termination "Steegersee won by resignation"]

1. e4 e6 2. d4 d5 3. e5 c5 4. c3 Nc6 5. Nf3 Qb6 6. Bd3 f6 7. exf6 Nxf6 8. O-O Bd6 9. a3 c4 10. Bc2 O-O 11. Bg5 Bd7 12. b4 a5 13. Nbd2 axb4 14.
axb4 Rxa1 15. Qxa1 e5 16. dxe5 Nxe5 17. Re1 Nfg4 18.
Bh4 Qc7 19. Bg3 Nxf3+ 20. Nxf3 Bxg3 21. hxg3 Qb6 22. Re2 Bb5 23. Qd1 Bc6 24. Qd4 Qxd4 25. Nxd4 Nf6 26. Nxc6 bxc6 27. Re6 Rc8 28. Bf5 Rc7 29. Rd6 Kf7 30. Rd8 g6 31. Bc2 Nd7 32. Ra8 Ne5 33. Kf1 Nd7 34. Ke2 Nf6 35. f3 Re7+ 36.
Kf2 Nd7 37. Ra7 Ne5 38. Rxe7+ Kxe7 39. Ke3 Nd7 40. Kd4 Kd6 41. Ba4 Nf8 42. f4 Ne6+ 43.
Ke3 Nc7 44. Kd4 Ne6+ 45. Ke3 Ng7 46. g4 h5 47. gxh5 Nf5+ 48. Kf3 gxh5 49. Bc2 Ke6 50. Bb1 Nd6 51. Bg6 Nb5 52. Bxh5 Nxc3 53. g4 Ne4 54. g5 c3 55. g6 c2 56. g7 Nf6 57. Bg4+ Kf7 58.
Be6+ Kxe6 59. f5+ Kf7 0-1

[Event "*** Titled Tuesday Blitz"]
[Site "Chess.com"]
[Date "2021.04.27"]
[Round "9"]
[White "Willhaven3"]
[Black "dosto07"]
[Result "1/2-1/2"]
[WhiteElo "2476"]
[BlackElo "2312"]
[TimeControl "180+1"]
[EndTime "11:44:31 PDT"]
[Termination "Game drawn - timeout vs insufficient material"]

1. d4 d5 2. Nf3 Nf6 3. c4 dxc4 4.
Qa4+ c6 5. Qxc4 Bf5 6. Nc3 Nbd7 7. Bg5 h6 8. Bh4 Qb6 9. Qb3 e6 10. e3 Qxb3 11. axb3 Bb4 12. Be2 g5 13. Bg3 Ne4 14.
Rc1 Nxc3 15. bxc3 Ba3 16. O-O Bxc1 17. Rxc1 O-O 18. h4 f6 19. Nd2 Rfd8 20. e4 Bg6 21. f3 f5 22. Bc4 Bf7 23. e5 Nb6 24. Bf1 a5 25. Bf2 a4 26. b4 Nd5 27. Nc4 b5 28. Na5 Rdc8 29. hxg5 hxg5 30. Bd3 Kg7 31. Be1 Be8 32. Nb7 Bd7 33. Nc5 Ra7 34. g3 Rh8 35. Kg2 Bc8 36. c4 bxc4 37. Bxc4 a3 38. Ba2 Kg6 39. Nd3 Rah7 40. Bf2 Rh2+ 41. Kf1 Rh1+ 42.
Bg1 Ba6 43. Bc4 Bxc4 44. Rxc4 a2 45. Rc1 Ne3+ 46. Kf2 Nc2 47. Kg2 a1=Q 48. Rxa1 Nxa1 49. Nc5 Nc2 50. Nxe6 Rxg1+ 51. Kxg1 Nxb4 52. Kf2 Ra8 53. Ke3 Ra2 54. Nd8 Nd5+ 55. Kd3 Ra3+ 56. Ke2 Ne7 57. Ne6 g4 58. Nf4+ Kf7 59. fxg4 fxg4 60.
Nh5 Ke6 61. Nf6 Nd5 62. Nxg4 Ra2+ 63. Kf3 Ra3+ 64. Ke4 Nc3+ 65. Kf4 Nb5 66. Ke4 Ra4 67. Ne3 Rxd4+ 68. Kf3 Ra4 69. Ng4 Nd4+ 70. Kg2 Nf5 71. Kh3 Ra3 72. Nf6 Rxg3+ 73. Kh2 Re3 74. Ne8 Rxe5 75.
Nc7+ 1/2-1/2

[Event "*** Titled Tuesday Blitz"]
[Site "Chess.com"]
[Date "2021.04.27"]
[Round "9"]
[White "SF-96"]
[Black "RobertoJBM"]
[Result "1/2-1/2"]
[WhiteElo "2616"]
[BlackElo "2728"]
[TimeControl "180+1"]
[EndTime "11:44:33 PDT"]
[Termination "Game drawn - insufficient material"]

1. Nf3 d5 2. g3 c6 3. Bg2 Bg4 4.
O-O Nd7 5. c4 e6 6. d4 Ngf6 7.
h3 Bh5 8. cxd5 exd5 9. Qb3 Qb6 10. Nc3 Qxb3 11. axb3 Bd6 12. Nh4 Bg6 13. Nxg6 hxg6 14.
h4 a6 15. Bg5 O-O 16. Bh3 Rfe8 17. Rfe1 Nf8 18. Bxf6 gxf6 19. e4 dxe4 20. Nxe4 Be7 21. Nc5 Bxc5 22. dxc5 f5 23. Rad1 Rxe1+ 24. Rxe1 Ne6 25. b4 Rd8 26. h5 Ng5 27. Bg2 Rd7 28. f4 Nh7 29. hxg6 fxg6 30. Bf3 Nf6 31. Kf2 Kf7 32.
Ke3 Re7+ 33. Kd2 Rxe1 34. Kxe1 Ke6 35. Kd2 Nd5 36. Kd3 Nxb4+ 37. Kd4 a5 38. Bd1 Na6 39. Bb3+ Ke7 40. Bc4 Nc7 41. Ke5 Nb5 42. Bd3 a4 43. g4 fxg4 44. Bxg6 g3 45. Be4 a3 46. bxa3 Nxa3 47. f5 Nc4+ 48. Kf4 Kf6 49. Kxg3 Nd2 50. Kf4 Nb3 51. Bf3 Nxc5 52. Bg4 Nd7 53. Ke3 Ke5 54. Bh3 Nf6 55. Kd3 b5 56. Kc3 c5 57.
Bf1 Nd5+ 58. Kb3 Nc7 59. Bxb5 Nxb5 60. Kc4 Nd6+ 61. Kxc5 Nxf5 1/2-1/2

[Event "*** Titled Tuesday Blitz"]
[Site "Chess.com"]
[Date "2021.04.27"]
[Round "9"]
[White "SargissyanSargis"]
[Black "beto-betun"]
[Result "1-0"]
[WhiteElo "2342"]
[BlackElo "2213"]
[TimeControl "180+1"]
[EndTime "11:44:33 PDT"]
[Termination "SargissyanSargis won by resignation"]

1. e4 c5 2. Nf3 d6 3. d4 cxd4 4. Nxd4 Nf6 5. Nc3 a6 6. Be3 e5 7. Nb3 Be6 8. f3 Be7 9. Qd2 O-O 10. O-O-O Nbd7 11. g4 b5 12. h4 Nb6 13. g5 Nfd7 14. Kb1 Nc4 15. Bxc4 bxc4 16. Nc1 Rb8 17. h5 f5 18. gxf6 Nxf6 19. N1e2 Qc7 20. f4 Nxe4 21. Nxe4 d5 22. N4c3 d4 23. Nxd4 exd4 24. Bxd4 Ba3 25. Na4 Rb4 26. Rhg1 Rf7 27. Qe3 Bd7 28. Qxa3 Rxa4 29.
Qe3 c3 30. Bxc3 Raxf4 31. Qd4 Rxd4 32. Bxd4 Bf5 33. Rc1 g6 34. h6 Rd7 35. Bc3 Qb7 36.
Rge1 Kf7 37. Re5 Rc7 38. Ka1 a5 39. Rxa5 Rc6 40. Bd4 Qc7 41. Ra7 Qxa7 42. Bxa7 Ra6 43. Bd4 Re6 44. c3 Re2 45. a4 Rh2 46. a5 Rxh6 47.
a6 Bc8 48. a7 Bb7 49. Rf1+ Ke6 50. Rf8 Kd5 51. a8=Q Bxa8 52. Rxa8 Kc4 53. Rc8+ Kd3 54. b4 Rh1+ 55. Ka2 h5 56. b5 h4 57. b6 h3 58. Be5 h2 59. Bxh2 Rxh2+ 60. Kb3 Rh7 61. Rc7 Rh8 62. c4 Rb8 63. b7 Kd4 64. c5 Kd5 65. c6 Kd6 66. Rc8 Rxb7+ 67. cxb7 1-0

[Event "*** Titled Tuesday Blitz"]
[Site "Chess.com"]
[Date "2021.04.27"]
[Round "9"]
[White "anon6121824"]
[Black "Andreikka"]
[Result "0-1"]
[WhiteElo "2816"]
[BlackElo "2889"]
[TimeControl "180+1"]
[EndTime "11:44:34 PDT"]
[Termination "Andreikka won by resignation"]

1. e4 e5 2. Nc3 Nf6 3. g3 d5 4. exd5 Nxd5 5. Bg2 Nxc3 6. bxc3 Bc5 7. Ne2 Nc6 8. O-O O-O 9. Bb2 Bb6 10. h3 Re8 11. d4 Bf5 12. Re1 Qd7 13. g4 Bg6 14. dxe5 Qxd1 15.
Raxd1 Nxe5 16. Nd4 c6 17. Bc1 f6 18. Nf5 Bxf5 19.
gxf5 Rad8 20. Rxd8 Rxd8 21. Bf4 Nd7 22. Bf1 Ne5 23. Bxe5 fxe5 24. Bc4+ Kf8 25. Rxe5 Rd1+ 26. Kg2 Rd6 27. Re6 Rd2 28. Re2 Rd7 29. Be6 Rd8 30. Bb3 Bc5 31. h4 Be7 32. h5 Bf6 33. Re3 Rd2 34. Rd3 Rxd3 35. cxd3 Bxc3 36. Kf3 Ke7 37.
Ke4 Bf6 38. Bg8 h6 39. Bb3 Kd6 40. d4 b5 41. a4 a6 42. f3 Kc7 43. Bc2 Kb6 44. axb5 cxb5 45. Kd5 a5 46. Bd1 a4 47.
Bc2 Ka5 48. Kc5 b4 49. d5 b3 50. Bd1 Be7+ 51. Kc4 Bd6 52. Kc3 Kb5 53. Be2+ Kc5 54.
Bc4 Be5+ 55. Kd3 Kb4 56. f4 Bd6 57. f6 gxf6 58. f5 a3 0-1

[Event "*** Titled Tuesday Blitz"]
[Site "Chess.com"]
[Date "2021.04.27"]
[Round "9"]
[White "Leonid_Starozhilov"]
[Black "AlexTriapishko"]
[Result "0-1"]
[WhiteElo "2686"]
[BlackElo "2872"]
[TimeControl "180+1"]
[EndTime "11:44:35 PDT"]
[Termination "AlexTriapishko won by resignation"]

1. e4 e5 2. Nf3 Nc6 3. Bc4 d6 4. d3 Na5 5. Nc3 Nf6 6. O-O Be7 7. h3 O-O 8. Re1 Nxc4 9. dxc4 Be6 10. b3 Nd7 11.
Nd5 f5 12. Nxe7+ Qxe7 13. Ng5 f4 14. Nxe6 Qxe6 15. f3 g5 16. Ba3 h5 17. Qd3 b6 18.
Kf2 Rf7 19. Rh1 a5 20. Bb2 Rg7 21. Qd5 Re8 22. a4 Nf6 23. Qxe6+ Rxe6 24. Rh2 g4 25. hxg4 hxg4 26. Rh4 Kf7 27. Rah1 Re8 28. Rh8 Reg8 29. Rxg8 Rxg8 30. Bc3 Kg6 31. Bd2 Nh7 32. g3 fxg3+ 33. Kxg3 gxf3 34. Kxf3 Rf8+ 35. Ke2 Nf6 36. Rg1+ Kf7 37.
Kd3 Rh8 38. Rg3 Rh2 39. Bg5 Nd7 40. Rf3+ Ke8 41. Be3 Nb8 42. Rg3 Kf7 43. Rf3+ Ke6 44. Rf2 Rh3 45. Rg2 Na6 46. c3 Nc5+ 47. Ke2 Nxe4 48. Rg6+ Kf7 49. Rg4 Nxc3+ 50. Kd2 Nb1+ 51. Kd3 Nc3 52. Kxc3 Rxe3+ 53. Kc2 Rh3 54. Rg5 Rh8 55. Rg4 Kf6 56. Kd3 Rh3+ 57. Kc2 Rh7 58. Kd3 Kf5 59. Rg8 Rh3+ 60. Kc2 Ke4 61. Rg7 c6 62. Rg6 Rh2+ 63.
Kb1 d5 64. cxd5 cxd5 65. Rxb6 d4 66. b4 d3 67. bxa5 Rh1+ 68. Kb2 d2 69. Rb4+ Kf5 0-1

[Event "*** Titled Tuesday Blitz"]
[Site "Chess.com"]
[Date "2021.04.27"]
[Round "9"]
[White "retropwr"]
[Black "Matensien"]
[Result "0-1"]
[WhiteElo "2241"]
[BlackElo "2352"]
[TimeControl "180+1"]
[EndTime "11:44:38 PDT"]
[Termination "Matensien won by checkmate"]

1. e4 c5 2. Nf3 e6 3. b3 d5 4. exd5 exd5 5. Bb5+ Nc6 6. Qe2+ Be7 7. Bb2 Nf6 8. Bxf6 gxf6 9. d4 O-O 10. O-O Bg4 11. Bxc6 bxc6 12. h3 Bxf3 13. Qxf3 cxd4 14. Qg4+ Kh8 15. Qxd4 c5 16. Qd3 d4 17. Nd2 Qd5 18.
Rfe1 Rg8 19. Qe4 Qg5 20. Nc4 Rae8 21. g3 Bd6 22. Qf3 Bc7 23. Rxe8 Rxe8 24. h4 Qg6 25.
Rc1 f5 26. Kf1 f4 27. g4 Qf6 28. h5 Qh4 29. Re1 Rg8 30. Ne5 Bxe5 31. Rxe5 Qxg4 32. Qxg4 Rxg4 33. Rxc5 Rh4 34. Rf5 Kg7 35. Kg2 h6 36.
a4 f6 37. Kf3 Kf7 38. Ke4 Ke6 39. Rxf4 Rxh5 40. Kxd4 Rd5+ 41. Kc4 Rd2 42. c3 h5 43. Rh4 Rxf2 44. Rxh5 Rf4+ 45. Kb5 Rf3 46. Kb4 f5 47. c4 f4 48. a5 Rf1 49. a6 f3 50. Kc5 Ra1 51. Rh3 f2 52. Rf3 f1=Q 53. Rxf1 Rxf1 54. Kc6 Rb1 55. Kb7 Rxb3+ 56. Kxa7 Kd6 57. Ka8 Kc7 58.
c5 Rb4 59. c6 Rf4 60. Ka7 Kxc6 61. Ka8 Rf8+ 62. Ka7 Kb5 63. Kb7 Rf7+ 64. Kc8 Kxa6 65. Kd8 Kb6 66. Ke8 Ra7 67. Kf8 Kc6 68. Kg8 Kd6 69. Kh8 Ke6 70. Kg8 Kf6 71. Kh8 Kg6 72.
Kg8 Ra8# 0-1

[Event "*** Titled Tuesday Blitz"]
[Site "Chess.com"]
[Date "2021.04.27"]
[Round "9"]
[White "northridgehawk"]
[Black "GameOverBro"]
[Result "0-1"]
[WhiteElo "2360"]
[BlackElo "2524"]
[TimeControl "180+1"]
[EndTime "11:44:39 PDT"]
[Termination "GameOverBro won by checkmate"]

1. e4 d6 2. d4 Nf6 3. Nc3 e5 4. Nge2 c6 5. f3 h5 6. Be3 b5 7.
Qd2 Nbd7 8. h4 a5 9. g3 a4 10. Nd1 Bb7 11. Nf2 d5 12. Bg2 dxe4 13. fxe4 exd4 14.
Nxd4 Ne5 15. O-O-O Nc4 16. Qe2 Qb6 17. Nf5 Nxe3 18.
Nxe3 Bc5 19. Rhe1 a3 20. b3 Bb4 21. Nf5 Bxe1 22. Nd6+ Kf8 23. Qxe1 Rd8 24. e5 Nd5 25. Nfe4 Rh6 26. Rd3 Re6 27. Rf3 f6 28. Ng5 Rdxd6 29. Nxe6+ Rxe6 30. Bh3 Re7 31. Qd2 Qg1+ 32. Rf1 Qe3 33.
exf6 gxf6 34. Rf5 Qe1+ 35. Qxe1 Rxe1+ 36. Kd2 Rh1 37. Bg2 Rh2 38. Rf2 b4 39. Ke2 Nc3+ 40.
Kf1 Nxa2 41. Kg1 Rxg2+ 42. Kxg2 c5+ 43. Kh3 Nc3 44. Rf1 Kg7 45. g4 hxg4+ 46. Kxg4 Be4 47. Rc1 a2 48. Ra1 Bxc2 49. Kf4 Bxb3 50. Ke3 Nd5+ 51. Kd3 Nf4+ 52. Ke4 Ng2 53. h5 Kh6 54. Kf5 Ne3+ 55. Kxf6 Nc2 56. Rg1 a1=Q+ 57. Rxa1 Nxa1 58. Kf5 c4 59. Ke5 c3 60. Kd4 Kxh5 61. Kd3 Kg4 62. Ke3 Kf5 63. Ke2 Ke4 64. Ke1 Kd3 65. Kf2 Bc4 66. Ke1 b3 67. Kd1 b2 68. Ke1 c2 69. Kf2 c1=Q 70.
Kg3 Qf1 71. Kh2 b1=Q 72. Kg3 Qbe1+ 73. Kg4 Qe4+ 74. Kg5 Qff5+ 75. Kh6 Qee6+ 76. Kg7 Qff7+ 77. Kh8 Qh5+ 78. Kg7 Qhg4+ 79. Kf8 Qgg8# 0-1

[Event "*** Titled Tuesday Blitz"]
[Site "Chess.com"]
[Date "2021.04.27"]
[Round "9"]
[White "Buffy7"]
[Black "TengisChess"]
[Result "1-0"]
[WhiteElo "2694"]
[BlackElo "2552"]
[TimeControl "180+1"]
[EndTime "11:44:40 PDT"]
[Termination "Buffy7 won by checkmate"]

1. e4 e5 2. Nf3 Nc6 3. d4 exd4 4. Nxd4 Nf6 5. Nxc6 bxc6 6. e5 Qe7 7. Qe2 Nd5 8.
c4 Ba6 9. Nd2 g6 10. Nf3 Bg7 11. Bg5 Qb4+ 12. Qd2 Qxd2+ 13. Kxd2 Nb6 14. b3 O-O 15.
Rd1 Rfe8 16. Bf4 h6 17. h4 g5 18. hxg5 hxg5 19. Bxg5 d5 20. exd6 cxd6 21. Bd3 d5 22. c5 Bxd3 23. Kxd3 Nd7 24. Be3 a5 25. Rh4 Rab8 26. Rc1 Rb4 27. Rxb4 axb4 28. Bd2 Re4 29. Be3 Nf8 30. Nd4 Bxd4 31. Bxd4 Ne6 32. Be3 f5 33. g3 f4 34. gxf4 Nxf4+ 35. Kd2 Ne6 36. Kd3 Kf7 37. Rh1 Rg4 38. Rh7+ Ke8 39. Rh6 Kd7 40.
Rh7+ Kc8 41. Re7 Nc7 42. f4 Nb5 43. f5 Rg3 44. f6 Rf3 45. f7 d4 46. Re8+ Kb7 47.
f8=Q Rxf8 48. Rxf8 dxe3 49. Kxe3 Nc3 50. Kd3 Nxa2 51.
Kc4 Ka6 52. Rb8 Ka7 53. Rb6 Nc1 54. Rxc6 Ne2 55. Rd6 Ng3 56. Kxb4 Ne4 57. Re6 Ng5 58. Rg6 Nf3 59. Kb5 Ne5 60. Rg7+ Kb8 61. c6 Kc8 62. Kb6 Kd8 63. c7+ Kc8 64. Rg8+ Kd7 65. c8=Q+ Kd6 66. Rd8+ Ke7 67. Re8+ Kd6 68. Qe6# 1-0

[Event "*** Titled Tuesday Blitz"]
[Site "Chess.com"]
[Date "2021.04.27"]
[Round "9"]
[White "fabianvivasz"]
[Black "TheKingOfTheForest"]
[Result "0-1"]
[WhiteElo "2352"]
[BlackElo "2263"]
[TimeControl "180+1"]
[EndTime "11:44:40 PDT"]
[Termination "TheKingOfTheForest won on time"]

1. c4 f5 2. g3 Nf6 3. Bg2 d6 4. Nc3 e5 5. e3 g6 6. Nge2 Bg7 7.
O-O O-O 8. Rb1 a5 9. a3 Nc6 10. b4 axb4 11. axb4 e4 12. d3 Qe7 13. Nf4 Kh8 14.
Ncd5 Qf7 15. Nxf6 Bxf6 16. dxe4 Qxc4 17. Nd5 Bg7 18. Nxc7 Ra2 19. Qxd6 fxe4 20. Qd5 Qxd5 21. Nxd5 Bf5 22. b5 Ne5 23. Bb2 Nf3+ 24. Bxf3 Rxb2 25. Rxb2 Bxb2 26. Be2 Be5 27. Rd1 Rd8 28. Nc3 Rc8 29. Na4 Kg7 30. Kg2 h5 31. Bf1 Kf6 32. Nb6 Rc2 33.
Nd7+ Ke6 34. Nxe5 Kxe5 35. Rd8 Rb2 36. h4 Rb1 37. Be2 Rb2 38. Bf1 Be6 39. Rb8 Bd5 40.
Re8+ Kf6 41. Rd8 Be6 42. Rd6 Ke5 43. Rb6 Bg4 44. Rxb7 Bf3+ 45. Kg1 Rb1 46. Re7+ Kf6 47. Rc7 Be2 48. Rc6+ Ke5 49. Rc5+ Kd6 50. Rc6+ Kd7 51.
Rxg6 Bxf1 52. Kh2 Be2 53. g4 Bf3 54. Kg3 hxg4 55. h5 Rxb5 56. h6 Rh5 57. Kf4 Rh2 58.
Rg7+ Ke6 59. h7 Kf6 60. Ra7 Rh5 61. Rb7 Rh3 62. Ra7 Rh2 0-1

[Event "*** Titled Tuesday Blitz"]
[Site "Chess.com"]
[Date "2021.04.27"]
[Round "9"]
[White "IANOV0007"]
[Black "Aygehovit1992"]
[Result "1-0"]
[WhiteElo "2496"]
[BlackElo "2623"]
[TimeControl "180+1"]
[EndTime "11:44:41 PDT"]
[Termination "IANOV0007 won by checkmate"]

1. Nf3 d6 2. g3 g6 3. d4 Bg7 4.
Bg2 Nf6 5. b3 O-O 6. Bb2 c5 7.
c4 Ne4 8. O-O Nc6 9. Nbd2 Bf5 10. Nh4 Nxd2 11. Qxd2 Nxd4 12. Nxf5 Nxf5 13. Bxg7 Kxg7 14.
Bxb7 Rb8 15. Bg2 Qb6 16. e3 Qb4 17. Qb2+ f6 18. Bh3 Nh6 19. Qc2 Nf7 20. f4 a5 21.
Rab1 Rb7 22. Bg2 Ra7 23. Bc6 Qb6 24. Bd5 Rb8 25. Qe4 Qc7 26. Qe6 Rf8 27. Bg2 Nd8 28.
Qe4 a4 29. b4 cxb4 30. Rxb4 a3 31. Rfb1 Qa5 32. h4 h5 33. Kh2 Qf5 34. Qxf5 gxf5 35.
Bd5 Kg6 36. Kg2 e6 37. Bf3 e5 38. Bd5 Re7 39. Kf3 Rfe8 40. R1b3 exf4 41. gxf4 Kh6 42. Rxa3 Ne6 43. Rb6 Nc5 44. Rxd6 Kg7 45. Rc6 Ne4 46. Bxe4 fxe4+ 47. Ke2 Rb8 48. Rb3 Ra8 49. a3 Rd7 50.
c5 Rad8 51. Rb2 Rd3 52. Rc7+ Kg6 53. c6 Rxa3 54. Kf2 Rdd3 55. Re2 Rac3 56. Re7 Rxc6 57.
Rxe4 Kf5 58. Re7 Kg4 59. Rg7+ Kh3 60. Kf3 Rc1 61. Rg3+ Kxh4 62. Rh2# 1-0

[Event "*** Titled Tuesday Blitz"]
[Site "Chess.com"]
[Date "2021.04.27"]
[Round "9"]
[White "JiiHart"]
[Black "adriangschnitzer"]
[Result "0-1"]
[WhiteElo "2071"]
[BlackElo "2511"]
[TimeControl "180+1"]
[EndTime "11:44:41 PDT"]
[Termination "adriangschnitzer won on time"]

1. e4 c5 2. Nf3 Nc6 3. d4 cxd4 4. Nxd4 g6 5. c4 Bg7 6. Be3 Nf6 7. Nc3 Ng4 8. Be2 Nxe3 9. fxe3 O-O 10. O-O d6 11.
Nd5 e6 12. Nc3 Qg5 13. Rf3 Qc5 14. Ncb5 Ne5 15. Rh3 a6 16. Nb3 Qc6 17. Nxd6 Rd8 18. c5 b6 19. Qc2 bxc5 20. Nxc8 Raxc8 21. Rc1 h5 22. Nd2 Rxd2 23. Qxd2 Qxe4 24. Bf3 Qa4 25.
b3 Qa3 26. Be4 Ng4 27. Rc4 Qb2 28. Qxb2 Bxb2 29. Kf1 a5 30. Ke2 Ba3 31. Bf3 Ne5 32.
Rc2 Bb4 33. Be4 Ng4 34. Rh4 Nf6 35. Bd3 Kg7 36. Rhc4 Rd8 37. h3 g5 38. g3 Nd5 39.
Rc1 f5 40. Rd1 Nb6 41. Rc2 Kf6 42. Bc4 Rxd1 43. Kxd1 Ke5 44. Ke2 g4 45. Rc1 Nd5 46. Bxd5 exd5 47. hxg4 hxg4 48. Rh1 c4 49. bxc4 dxc4 50.
Rc1 Kd5 51. Rc2 c3 52. Kd3 Kc5 53. Rc1 Kd5 54. Rc2 Kc5 55. Rc1 a4 56. Rc2 Kd5 57. Rxc3 Bxc3 58. Kxc3 Ke4 0-1

[Event "*** Titled Tuesday Blitz"]
[Site "Chess.com"]
[Date "2021.04.27"]
[Round "9"]
[White "malakismayil"]
[Black "HouseOfDurin"]
[Result "1-0"]
[WhiteElo "2249"]
[BlackElo "2122"]
[TimeControl "180+1"]
[EndTime "11:44:41 PDT"]
[Termination "malakismayil won on time"]

1. e4 c5 2. Nf3 Nc6 3. Bb5 g6 4. O-O Bg7 5. Bxc6 dxc6 6. Nc3 e5 7. d3 h6 8. h3 Ne7 9. Be3 b6 10. Nd2 O-O 11. f4 exf4 12. Bxf4 f5 13. Qf3 g5 14.
Be3 f4 15. Bf2 Ng6 16. Qh5 Kh7 17. Nf3 Qf6 18. Rae1 Ne5 19. Nxe5 Qxe5 20. Rd1 g4 21. Qxe5 Bxe5 22. hxg4 Bxg4 23. Rd2 f3 24. g3 Bxc3 25. bxc3 Rfe8 26. Kh2 Rad8 27. Be3 Kg6 28. Kg1 Re5 29.
Kf2 h5 30. Bf4 Re7 31. Ke3 Red7 32. d4 cxd4+ 33. cxd4 c5 34. d5 Re8 35. c4 Bf5 36. e5 Bg4 37. a4 Kf5 38. Kd3 Rxe5 39. Bxe5 Kxe5 40. Re1+ Kf5 41. Re8 Rf7 42. Rf2 Kg5 43. Re5+ Kf6 44. Re4 Kg5 45. Re5+ Kf6 46. Ke4 Kg6 47.
Re8 Bf5+ 48. Ke3 Bg4 49. Ke4 Kg5 50. Rg8+ Kf6 51. Re8 Kg6 52. Ke5 Rf5+ 53. Kd6 Rf6+ 54. Kc7 Rf7+ 55. Kb8 Kg5 56. d6 h4 57. gxh4+ Kxh4 58. Re7 Kg3 59. Rxf7 Kxf2 60. d7 Bxd7 61. Rxd7 Ke2 62.
Re7+ 1-0

[Event "*** Titled Tuesday Blitz"]
[Site "Chess.com"]
[Date "2021.04.27"]
[Round "9"]
[White "beautroll"]
[Black "Alextorngren"]
[Result "0-1"]
[WhiteElo "2457"]
[BlackElo "2331"]
[TimeControl "180+1"]
[EndTime "11:44:43 PDT"]
[Termination "Alextorngren won by resignation"]

1. e4 b6 2. d4 Bb7 3. Nc3 e6 4. g3 h5 5. h3 Nf6 6. Bg2 Bb4 7.
Qd3 Bxc3+ 8. bxc3 d6 9. Ne2 Nbd7 10. O-O e5 11. a4 a5 12. f4 Qe7 13. fxe5 dxe5 14. Ba3 c5 15. d5 Ba6 16. c4 O-O-O 17.
Nc3 h4 18. g4 Ne8 19. Nb5 Bxb5 20.
axb5 Nd6 21. Bb2 Kb7 22. Rf5 Nxf5 23. exf5 Qd6 24. Bc3 Nf6 25. Qe2 Rde8 26. Re1 e4 27. Qf2 a4 28. Bd2 Nd7 29. Bf4 Ne5 30. Rxe4 f6 31. g5 a3 32. c3 Ra8 33. Qa2 Ra7 34. Kh1 Re8 35. g6 Qd8 36. Re2 Qd7 37. d6+ Kb8 38. Bxe5 Rxe5 39. Rd2 Qxf5 40. Re2 Rxe2 41. Qxe2 Qe5 42. Qa2 Qxd6 43. Bd5 Qe5 44. Bc6 Qe1+ 45. Kg2 Qg3+ 46. Kf1 Re7 47. Qd2 Kc7 48. Bg2 Qe3 49. Qd1 Qe5 50. Bf3 Qxc3 51. Qd5 Qe1+ 52. Kg2 Re2+ 53. Bxe2 Qxe2+ 54. Kg1 Qe1+ 55. Kg2 Qg3+ 56.
Kf1 Qf4+ 57. Kg2 Qg5+ 0-1

[Event "*** Titled Tuesday Blitz"]
[Site "Chess.com"]
[Date "2021.04.27"]
[Round "9"]
[White "ukchessbomber"]
[Black "TST2014"]
[Result "0-1"]
[WhiteElo "2525"]
[BlackElo "2673"]
[TimeControl "180+1"]
[EndTime "11:44:46 PDT"]
[Termination "TST2014 won on time"]

1. d4 Nf6 2. c4 c5 3. d5 b5 4.
cxb5 a6 5. bxa6 Bxa6 6. Nc3 g6 7. e4 Bxf1 8. Kxf1 d6 9. g3 Bg7 10. Nf3 O-O 11. Kg2 Nbd7 12. a4 Qa5 13. Ra3 Rfb8 14.
Qc2 Ne8 15. Nd2 Qa6 16. Nb5 Rb7 17. Nc4 Nc7 18. Nxc7 Rxc7 19. h4 h5 20. Bg5 Ne5 21. Ne3 Rb7 22. Rb1 Rab8 23. a5 Rb4 24. Nd1 Nc4 25.
Ra2 Nxa5 26. Bd2 Qc4 27. Qxc4 Nxc4 28. Bxb4 Rxb4 29. b3 Nb6 30. f3 c4 31. Ra3 c3 32.
Rc1 Rd4 33. Nxc3 Rd2+ 34. Kh3 Nd7 35. Nb1 Rf2 36. b4 Ne5 37. b5 Nxf3 38. Rxf3 Rxf3 39. Nd2 Rd3 40. b6 Be5 41. Nf1 Rb3 42. Rc8+ Kg7 43. Rb8 f5 44. b7 f4 45. Kg2 f3+ 46. Kh3 Rb2 47. g4 hxg4+ 48. Kxg4 f2 49. Kh3 Bd4 50. Kg2 Ba7 51. Re8 Rxb7 52. h5 gxh5 53. Ra8 Bc5 54. Ra3 Rb4 55. Rg3+ Kh6 56. Nd2 Rb2 57. Nf1 Re2 58. Rf3 Rxe4 59. Rf8 Rg4+ 60. Kf3 Rg1 61. Ke2 Rg5 62. Rh8+ Kg7 63. Re8 Re5+ 64. Kf3 Kf7 65.
Rh8 Rxd5 66. Rh7+ Kf6 67. Ng3 Rf5+ 68. Kg2 Rg5 0-1

[Event "*** Titled Tuesday Blitz"]
[Site "Chess.com"]
[Date "2021.04.27"]
[Round "9"]
[White "Oleksandr_Bortnyk"]
[Black "adnan_nn"]
[Result "1-0"]
[WhiteElo "2962"]
[BlackElo "2708"]
[TimeControl "180+1"]
[EndTime "11:44:47 PDT"]
[Termination "Oleksandr_Bortnyk won on time"]

1. e4 c5 2. Nf3 Nf6 3. e5 Nd5 4. c3 Nc6 5. d4 cxd4 6. cxd4 d6 7.
Bc4 dxe5 8. Nxe5 e6 9. O-O Bd6 10. Nf3 O-O 11. Qe2 b6 12. Nbd2 Bb7 13. Ne4 Be7 14. a3 Rc8 15. b4 Nf6 16. Bd3 Nxe4 17. Bxe4 Bf6 18. Bb2 Qd7 19. Rad1 Ne7 20. Ne5 Bxe5 21.
dxe5 Nd5 22. Qh5 h6 23. Rd3 Ba6 24. Rxd5 exd5 25. Rd1 Qb5 26. Bd3 Qxd3 27. Rxd3 Bxd3 28. h3 Rc2 29. Bd4 Rc4 30. Qg4 Re8 31. Qd7 Rf8 32. Qxd5 Rc1+ 33. Kh2 Bf5 34. Be3 Be6 35. Qf3 Ra1 36.
Qg3 Rxa3 37. Qh4 Re8 38. Qd4 Rb3 39. Qd6 Rc8 40. Qe7 Rc2 41. Qxa7 Rbb2 42. Qa8+ Kh7 43. Qe4+ g6 44. Qd4 Rb3 45. Qxb6 Rcb2 46. Qd4 Rxb4 47. Qd8 Kg7 48. Qf6+ Kh7 49. Qe7 Rb7 50. Qh4 R2b3 51. Qxh6+ Kg8 52. Bg5 f6 53. Qxg6+ Kf8 54. Qxf6+ Bf7 55.
e6 R3b6 56. Qh8+ Bg8 57. Bh6+ Ke7 58. Qxg8 Rxe6 59. Bf8+ Kd7 60. Qf7+ Re7 61. Qxe7+ Kc6 62. Qxb7+ 1-0

[Event "*** Titled Tuesday Blitz"]
[Site "Chess.com"]
[Date "2021.04.27"]
[Round "9"]
[White "Chessbard1972"]
[Black "thechesscorner64"]
[Result "0-1"]
[WhiteElo "2246"]
[BlackElo "2378"]
[TimeControl "180+1"]
[EndTime "11:44:48 PDT"]
[Termination "thechesscorner64 won by checkmate"]

1. e4 c5 2. Nf3 e6 3. d4 cxd4 4.
Nxd4 a6 5. c4 Nf6 6. Nc3 Qc7 7.
Be2 Nc6 8. Be3 Bb4 9. f3 Ne5 10. O-O d6 11. Rc1 O-O 12. a3 Bc5 13. b4 Ba7 14. Qd2 Bd7 15. Rfd1 Rac8 16. Kh1 Rfd8 17. Bf1 Be8 18. Qf2 Bb8 19. g3 h5 20. h3 Qe7 21. Bg5 d5 22. exd5 Nxc4 23. dxe6 Ng4 24. Bxe7 Nxf2+ 25. Kg2 Nxd1 26. Bxd8 Nde3+ 27. Kf2 Rxd8 28. Nce2 b5 29. e7 Rc8 30. Nf4 Bd6 31. Nxh5 Bxe7 32. Bd3 g6 33. Nf4 Bd7 34. h4 Kg7 35. g4 Bf6 36. Nde2 Be5 37. g5 Bf5 38. Bxf5 Nxf5 39. Nd5 Ncd6 40. Rd1 Rc2 41. Ke1 Ra2 42. f4 Bb2 43.
Nc7 Ra1 44. Rxa1 Bxa1 45. Nxa6 Bb2 46. Nc7 Bxa3 47. Nc3 Bxb4 48. Kd2 Ne4+ 49. Kd3 Nxc3 50.
Ne8+ Kf8 51. Nf6 Ke7 52. Ng4 Ke6 53. h5 gxh5 54. Ne5 Nd5 55. g6 fxg6 56. Nxg6 Kf6 57.
Ke4 Kxg6 58. Kxd5 h4 59. Ke4 h3 60. Kf3 Kh5 61. Kf2 Kg4 62. Kg1 Bd6 63. Kh1 b4 64.
Kg1 b3 65. Kh1 b2 66. Kh2 Kh4 67. Kg1 b1=Q+ 68. Kh2 Qc2+ 69. Kg1 Qg2# 0-1

[Event "*** Titled Tuesday Blitz"]
[Site "Chess.com"]
[Date "2021.04.27"]
[Round "9"]
[White "TokChess"]
[Black "mr65"]
[Result "0-1"]
[WhiteElo "2382"]
[BlackElo "2216"]
[TimeControl "180+1"]
[EndTime "11:44:50 PDT"]
[Termination "mr65 won by resignation"]

1. e4 e5 2. Nf3 Nc6 3. Bc4 Nf6 4. d3 Bc5 5. O-O O-O 6. Nc3 h6 7. a4 d6 8. h3 a5 9. Be3 Bxe3 10. fxe3 Be6 11. Ba2 Bxa2 12. Rxa2 d5 13. exd5 Nxd5 14.
e4 Ne3 15. Qd2 Nxf1 16. Kxf1 f5 17. Qe3 fxe4 18. Nxe4 Nd4 19. c3 Nxf3 20. gxf3 Qd5 21. c4 Qd4 22. Qxd4 exd4 23. Kg2 b6 24. Ra3 Rf5 25.
Rb3 Raf8 26. Nd2 g5 27. Ra3 h5 28. Kg3 Kg7 29. Ra1 Kg6 30. Re1 g4 31. hxg4 hxg4 32. fxg4 Rf2 33. Re6+ R8f6 34. Rxf6+ Rxf6 35. Nf3 c5 36. g5 Re6 37. Kf4 Re3 38. Ne5+ Kg7 39.
Nd7 Rxd3 40. Nxb6 Rb3 41. Nd7 Rb4 42. Nxc5 Rxc4 43. Nb7 Rxa4 44. Ke4 Kg6 45. Nc5 Rb4 46. b3 Kxg5 47. Ne6+ Kf6 48. Nxd4 Ke7 49. Kd3 Kd6 50.
Kc3 Kc5 51. Ne6+ Kb6 52. Nd4 Kc5 53. Ne6+ Kd6 54. Nd4 Kd5 55. Nf5 Rf4 56. Ne3+ Kc5 57. Nc4 Rf3+ 58. Kb2 Kb4 59. Nd2 Rf2 60. Kc2 Rh2 61.
Kd3 Rh3+ 62. Kc2 Rc3+ 63. Kb2 Rd3 64. Kc2 Rd8 65. Nc4 a4 66. Nb2 axb3+ 67. Kc1 Rc8+ 68. Kb1 Rh8 69. Nd3+ Kc3 70. Nc1 Rh1 0-1